 Dungeon Crawl Stone Soup version 0.28-a0-1199-gef9e1dbd39 (webtiles) character file.

Game seed: 7542103271546858054

899 ChaosChampion the Ruffian (level 7, 0/67 HPs)
             Began as a White Draconian Transmuter on Dec 19, 2021.
             Was a Follower of Okawaru.
             Slain by zeramoth's ghost (8 damage)
             ... on level 6 of the Dungeon.
             The game lasted 00:09:00 (7173 turns).

ChaosChampion the Ruffian (DrTm)                    Turns: 7173, Time: 00:09:00

Health: 0/67       AC:  6    Str: 12    XL:     7   Next: 79%
Magic:  5/11       EV: 10    Int: 16    God:    Okawaru [*.....]
Gold:   205        SH:  0    Dex: 11    Spells: 1/11 levels left

rFire   . . .      SeeInvis .     - Unarmed
rCold   + + +      Faith    .   (shield currently unavailable)
rNeg    . . .      Spirit   .   (armour unavailable)
rPois   +          Reflect  .   (helmet currently unavailable)
rElec   .          Harm     .   (cloak currently unavailable)
rCorr   .          Rampage  .   (gloves currently unavailable)
Will    .....                   (boots currently unavailable)
Stlth   +.........              (no amulet)
HPRegen 0.21/turn               m - ring of protection from fire
MPRegen 0.12/turn               r - ring of poison resistance

@: ice-form
A: freezing attack, amphibious, boosted hp, (breathe frost), AC +6, large,
unfitting armour, (cold resistance 1), (cold-blooded)
a: End Transformation, Renounce Religion, Heroism


You were on level 6 of the Dungeon.
You worshipped Okawaru.
Okawaru was aware of your devotion.
You were a creature of crystalline ice.
You visited 2 branches of the dungeon, and saw 7 of its levels.

You collected 227 gold pieces.
You spent 22 gold pieces at shops.

Inventory:

Armour
 d - a scarf of shadows (melded)
 o - a scarf of invisibility
Jewellery
 m - a ring of protection from fire (left front paw)
 r - a ring of poison resistance (right front paw)
Wands
 a - a wand of mindburst (16)
 e - a wand of iceblast (7)
Scrolls
 f - 2 scrolls of noise
 h - 4 scrolls of teleportation
Potions
 g - 2 potions of attraction {unknown}
 i - a potion of berserk rage {unknown}
 j - a potion of might {unknown}
 k - a potion of brilliance {unknown}
 l - 4 potions of lignification
 n - a potion of mutation {unknown}
 q - a potion of degeneration {unknown}
 s - a potion of resistance {unknown}
 t - 2 potions of invisibility


   Skills:
 + Level 2.5 Fighting
 + Level 2.6 Dodging
 * Level 6.2 Unarmed Combat
 + Level 2.8 Spellcasting
 + Level 5.1 Transmutations
 * Level 2.3 Ice Magic
 + Level 2.1 Invocations


You had one spell level left.
You knew the following spells:

 Your Spells              Type           Power      Damage    Failure   Level
a - Beastly Appendage     Tmut           36%        N/A       2%          1
b - Wereblood             Tmut           18%        N/A       3%          2
c - Spider Form           Tmut/Pois      10%        N/A       21%         3
d - Ice Form              Ice/Tmut       14%        N/A       38%         4

Your spell library contained the following spells:

 Spells                   Type           Power      Damage    Failure   Level
 Slow                     Hex            8%         N/A       19%         1
 Frozen Ramparts          Ice            18%        1d3       22%         3
 Ignite Poison            Fire/Tmut/Pois 7%         N/A       28%         3
 Confusing Touch          Hex            2%         N/A       50%         3
 Conjure Flame            Conj/Fire      2%         6-21      50%         3
 Sticky Flame             Conj/Fire      2%         2d3       88%         4
 Yara's Violent Unravell  Hex/Tmut       5%         3d4       88%         5
 Dispersal                Tloc           1%         N/A       100%        6
 Summon Forest            Summ/Tloc      Unusable   N/A       N/A         5

Dungeon Overview and Level Annotations

Branches:
Dungeon (6/15)             Temple (1/1) D:4

Altars:
Ashenzari
Cheibriados
Dithmenos
Elyvilon
Fedhas
Gozag
Hepliaklqana
Kikubaaqudgha
Makhleb
Nemelex Xobeh
Okawaru
Qazlal
Ru
Sif Muna
Trog
Uskayaw
Vehumet
Wu Jian
Xom
Yredelemnul
Zin
The Shining One

Shops:
D:5 *   D:6 *

Annotations:
D:6 zeramoth's ghost, novice MfIE


Innate Abilities, Weirdness & Mutations

You are a creature of crystalline ice.
You have a powerful freezing melee attack.
You are amphibious.
Your maximum health is increased.
Your armour is entirely melded.
You are incapable of wielding weapons or throwing items.
((You can breathe waves of freezing cold which knock back foes.))
((Your icy white scales are hard. (AC +6)))
You cannot fit into any form of body armour.
((Your flesh is cold resistant. (rC+)))
((You are cold-blooded and may be slowed by cold attacks.))


Message History

Zeramoth's ghost hits you but does no damage.
You hit zeramoth's ghost. You freeze zeramoth's ghost.
Zeramoth's ghost is lightly damaged.
Zeramoth's ghost hits you but does no damage.
You punch zeramoth's ghost! You freeze zeramoth's ghost.
Zeramoth's ghost is moderately damaged.
Zeramoth's ghost hits you but does no damage.
You hit zeramoth's ghost. You freeze zeramoth's ghost.
Zeramoth's ghost is moderately damaged.
Zeramoth's ghost hits you.
You hit zeramoth's ghost. You freeze zeramoth's ghost.
Zeramoth's ghost is moderately damaged.
Zeramoth's ghost hits you!
You punch zeramoth's ghost! You freeze zeramoth's ghost.
Zeramoth's ghost is heavily damaged.
You punch zeramoth's ghost! You freeze zeramoth's ghost.
Zeramoth's ghost is severely damaged.
Zeramoth's ghost hits you.
You barely miss zeramoth's ghost.
Zeramoth's ghost is severely damaged.
Zeramoth's ghost hits you but does no damage.
You hit zeramoth's ghost. You freeze zeramoth's ghost.
Zeramoth's ghost is severely damaged.
Zeramoth's ghost completely misses you.
You barely miss zeramoth's ghost.
Zeramoth's ghost is severely damaged.
Zeramoth's ghost hits you!
You punch zeramoth's ghost! You freeze zeramoth's ghost.
Zeramoth's ghost is almost destroyed.
Zeramoth's ghost hits you!
* * * LOW HITPOINT WARNING * * *
You hit zeramoth's ghost but do no damage.
Zeramoth's ghost is almost destroyed.
Zeramoth's ghost hits you!
* * * LOW HITPOINT WARNING * * *
You feel better. Zeramoth's ghost closely misses you.
You hit zeramoth's ghost but do no damage.
Zeramoth's ghost is almost destroyed.
Zeramoth's ghost hits you!
You die...

#........# #......#####
#........###..........#
#.................###.#
#.##.....###......# #.#
#.######## #......# #.# #.# #.8.#
#......# #.# #.###.$)# ####...#
#.# #+####...##W### #.### #.#
###..........Y..######.#####.#
............................#
######..........##.#####'#######
#........)......##)...†....#
#.###.#'#.......##.........#####
#...#.#.#.......##..............
####.#.#.###########'####'#......
.....#.#.# #..# #.#......
######.#.# ##.###.#......


You could see zeramoth's ghost.

Vanquished Creatures
  A necrophage (D:6)
  2 sky beasts
  An ogre (D:6)
  A scorpion (D:5)
  2 jellies
  An orc priest (D:5)
  2 hounds
  3 iguanas (D:5)
  3 orc wizards (D:3)
  A hound skeleton (D:4)
  7 adders
  An ufetubus (D:4)
  2 worms
  3 dart slugs
  23 orcs
  3 ball pythons
  4 endoplasms
  A giant cockroach (D:2)
  5 goblins
  5 hobgoblins
  5 kobolds
  4 quokkas
  3 bats
  5 frilled lizards
  7 rats
95 creatures vanquished.

Vanquished Creatures (others)
  A worm (D:4)
  2 withered plants (D:6)
3 creatures vanquished.

Grand Total: 98 creatures vanquished

Notes
Turn   | Place    | Note
-------+----------+-------------------------------------------
     0 | D:1      | ChaosChampion the Draconian Transmuter began the quest for
                  | the Orb.
     0 | D:1      | Reached XP level 1. HP: 16/16 MP: 3/3
    44 | D:1      | Found a faded altar of an unknown god.
   594 | D:1      | Reached XP level 2. HP: 21/23 MP: 3/5
  1419 | D:2      | Reached XP level 3. HP: 23/28 MP: 4/6
  1422 | D:2      | Learned a level 2 spell: Wereblood
  1874 | D:3      | Found a hide-covered altar of Uskayaw.
  2107 | D:3      | Reached skill level 4 in Unarmed Combat
  2169 | D:3      | Reached XP level 4. HP: 22/35 MP: 4/7
  2627 | D:3      | Reached XP level 5. HP: 38/40 MP: 5/8
  3882 | D:4      | Reached skill level 5 in Unarmed Combat
  4120 | D:4      | Got the Collected Works on Ice and Translocation
  4192 | D:4      | Found a staircase to the Ecumenical Temple.
  4213 | Temple   | Entered the Ecumenical Temple
  4477 | Temple   | Became a worshipper of Warmaster Okawaru
  4496 | D:4      | Reached XP level 6. HP: 30/47 MP: 5/9
  4760 | D:4      | Learned a level 3 spell: Spider Form
  5011 | D:5      | Entered Level 5 of the Dungeon
  5656 | D:5      | Noticed a sky beast
  5664 | D:5      | Killed a sky beast
  5665 | D:5      | Reached skill level 1 in Invocations
  6025 | D:5      | Your scales start taking on an icy white colour.
  6025 | D:5      | Reached XP level 7. HP: 52/53 MP: 6/10
  6025 | D:5      | Gained mutation: Your flesh is cold resistant. (rC+) [White
                  | Draconian growth]
  6030 | D:5      | Learned a level 4 spell: Ice Form
  6116 | D:5      | Found Mauhej's Assorted Antiques.
  6123 | D:5      | Bought an orange potion for 22 gold pieces
  6132 | D:5      | Reached * piety under Okawaru
  6133 | D:5      | Reached skill level 5 in Transmutations
  6633 | D:6      | Found a runed translucent door.
  6633 | D:6      | Noticed zeramoth's ghost (novice MfIE)
  6637 | D:6      | Reached skill level 1 in Ice Magic
  6747 | D:6      | Found Nyukhlut's Neck Hole.
  6817 | D:6      | Reached skill level 6 in Unarmed Combat
  7171 | D:6      | HP: 3/67 [zeramoth's ghost (7)]
  7173 | D:6      | Slain by zeramoth's ghost

Illustrated notes

Levels and vault maps discovered:
D:1:      minmay_arrival_glassed_features, layout_loops_ring,
          ebering_ecumenical_altar_rust, grunt_decor_cap,
          minmay_misc_feat_four_crosses
D:2:      layout_loops_cross
D:3:      layout_basic, eat_drink_and_be_merry_uskayaw
D:4:      layout_cave_pools, minmay_temple_entry_junction, minivault_14
D:5:      layout_basic, serial_rivers, chequers_serial_rivers_marsh,
          chequers_serial_rivers_room_a, chequers_serial_rivers_micro_b,
          chequers_serial_rivers_large_a, chequers_serial_rivers_large_b,
          serial_shops, shop, moated_statue
D:6:      layout_basic, gammafunk_ghost_grave, nicolae_shop_sticking_my_neck_out
Temple:   compressed_dpeg_triangle_lava_temple

Skill      XL: |  1  2  3  4  5  6  7 |
---------------+----------------------+-----
Transmutations | 3 4 5 |  5.1
Unarmed Combat | 4 5 6 |  6.2
Dodging        | 2 |  2.6
Invocations    | 1 2 |  2.1
Fighting       | 2 |  2.5
Ice Magic      | 2 |  2.3
Spellcasting   | |  2.8

Action                   |  1- 3 |  4- 6 |  7- 9 || total
-------------------------+-------+-------+-------++-------
Melee: Unarmed           |   103 |   158 |    42 ||   303
       Kick              |    19 |    26 |     1 ||    46
       Headbutt          |    11 |    18 |     1 ||    30
       Tailslap          |     4 |    14 |       ||    18
       Punch             |     3 |     1 |     1 ||     5
 Cast: Beastly Appendage |    27 |    30 |     3 ||    60
       Wereblood         |     5 |    20 |     5 ||    30
       Spider Form       |       |     1 |     4 ||     5
       Ice Form          |       |       |     1 ||     1
 Abil: Breathe Frost     |       |       |     1 ||     1
Evoke: Wand              |     1 |     4 |       ||     5
  Use: Scroll            |       |     7 |     2 ||     9
       Potion            |       |     1 |     1 ||     2
 Stab: Sleeping          |     1 |       |       ||     1
Armor: Skin              |    26 |    38 |     5 ||    69
Dodge: Dodged            |    58 |    85 |    18 ||   161

Table legend: (Time is in decaauts)
 A = Elapsed time spent in this place.
 B = Non-inter-level travel time spent in this place.
 C = Inter-level travel time spent in this place.
 D = Time resting spent in this place.
 E = Time spent auto-exploring this place.
 F = Levels seen in this place.
 G = Mean time per level.
                   A        B        C        D        E       F      G
               +--------+--------+--------+--------+--------+-----+--------+
         Total |   7187 |   6966 |    221 |    546 |   5482 |   7 | 1026.7 |
       Dungeon |   6911 |   6690 |    221 |    546 |   5254 |   6 | 1151.8 |
        Temple |    275 |    275 |      0 |      0 |    228 |   1 |  275.0 |
               +--------+--------+--------+--------+--------+-----+--------+

Top non-repeatable levels by time:
     D:3: 1947 daAuts
     D:5: 1625 daAuts
     D:2: 1040 daAuts
     D:4: 952 daAuts
     D:1: 781 daAuts
     D:6: 563 daAuts
  Temple: 275 daAuts
